 Dungeon Crawl Stone Soup version 0.31-a0-700-gf13585253f (webtiles) character file.

Game seed: 5983610479229908376

31704 lunkers the Black Belt (level 14, -9/121 HPs)
             Began as a Meteoran Shapeshifter on Sept 7, 2023.
             Was an Elder of Ru.
             Mangled by a spriggan druid
             ... wielding a +0 quarterstaff
              (13 damage)
             ... on level 4 of the Swamp.
             The game lasted 00:30:10 (5907 turns).

lunkers the Black Belt (Meteoran Shapeshifter)      Turns: 5907, Time: 00:30:11

Health: -9/121     AC:  6    Str: 16    XL:     14   Next: 30%
Magic:  15/15      EV: 27    Int: 14    God:    Ru [****..]
Gold:   684        SH:  0    Dex: 20    Spells: 13/13 levels left

rFire   + +          .
                       - Unarmed
rCold   + . .        (shield currently unavailable)
rNeg    . . .        s - +1 ring mail "Rissaf" {rF++ rC+}
rPois   .            u - +2 hood of the Assassin {Detect Stab+ Stlth++}
rElec   .            n - +1 cloak
rCorr   .            (gloves currently unavailable)
SInv    .            (no boots)
Will    ++...        (no amulet) Stlth
                     m - +5 ring of evasion
HPRegen 0.00/turn    b - ring "Toucsem" {Will+ EV+5 Int+3 Stlth+}
MPRegen 0.14/turn

%: no passive effects
@: lethally poisoned (-9 -> -35), about to teleport, blade hands, inhibited
regen, glowing, very slow
A: sense surroundings 2, inhibited regeneration, no stealth, hated by all,
inability to train armour, otherworldly, glowing, explore regen
a: Begin Untransformation, Renounce Religion, Draw Out Power, Power Leap


You were on level 4 of the Swamp.
You worshipped Ru.
Ru was greatly pleased with you.
You had blades for hands.
You visited 4 branches of the dungeon, and saw 18 of its levels.

You collected 684 gold pieces.

Inventory:

Missiles
 w - 9 curare-tipped darts
Armour
 n - a +1 cloak (worn)
 s - the +1 ring mail "Rissaf" (worn) {rF++ rC+}
   (You found it on level 2 of the Dungeon)

   rF++:      It greatly protects you from fire.
   rC+:       It protects you from cold.
 u - the +2 hood of the Assassin (worn) {Detect Stab+ Stlth++}
   (You acquired it on level 5 of the Dungeon)

   Detect:    It allows the wearer to sense nearby creatures.
   Stab+:     It allows the wearer to make particularly effective stabbing
   attacks against helpless or unaware enemies with any weapon.
   Stlth++:   It makes you much more stealthy.
Jewellery
 b - the ring "Toucsem" (right blade hand) {Will+ EV+5 Int+3 Stlth+}
   (You found it on level 6 of the Dungeon)

   [ring of evasion]

   EV+5:      It affects your evasion (+5).
   Int+3:     It affects your intelligence (+3).
   Will+:     It increases your willpower.
   Stlth+:    It makes you more stealthy.
 m - a +5 ring of evasion (left blade hand)
Talismans
 c - a beast talisman
 d - a flux talisman
 e - a maw talisman
 j - a dragon-blood talisman
 y - a blade talisman (active)
Wands
 r - a wand of roots (2)
 B - a wand of digging (13)
 D - a wand of light (16)
 E - a wand of paralysis (12)
 H - a wand of polymorph (4)
 J - a wand of mindburst (3)
Scrolls
 k - 5 scrolls of amnesia
 o - 2 scrolls of vulnerability
 q - a scroll of revelation
 v - 2 scrolls of fog
 F - a scroll of silence
 G - a scroll of poison
 I - a scroll of fear
 L - a scroll of immolation
 M - a scroll of acquirement
 N - a scroll of enchant weapon
Potions
 a - a potion of mutation {unknown}
 f - 2 potions of magic
 g - 4 potions of attraction
 h - a potion of invisibility
 i - 2 potions of curing {unknown}
 l - 3 potions of enlightenment
 p - 5 potions of resistance
 t - a potion of brilliance {unknown}
 x - a potion of ambrosia {unknown}
 z - 2 potions of berserk rage
 A - 2 potions of haste {unknown}
 K - 2 potions of might {unknown}
 O - 2 potions of degeneration {unknown}


   Skills:
 + Level 10.2 Fighting
 + Level 10.4 Dodging
 * Level 18.3 Unarmed Combat
 + Level 12.5 Shapeshifting


You had 13 spell levels left.
You didn't know any spells.
Your spell library contained the following spells:

 Spells                   Type           Power      Damage    Failure   Level
 Foxfire                  Conj/Fire      0%         2x1d4     50%         1
 Magic Dart               Conj           0%         1d3       50%         1
 Poisonous Vapours        Pois/Air       0%         N/A       63%         2
 Searing Ray              Conj           0%         2d4       63%         2
 Wereblood                Tmut           0%         N/A       63%         2
 Mephitic Cloud           Conj/Pois/Air  0%         N/A       86%         3
 Sigil of Binding         Hex            0%         N/A       86%         3
 Swiftness                Air            0%         N/A       86%         3
 Airstrike                Air            0%         2d(0-16)  99%         4
 Anguish                  Hex/Necr       0%         N/A       99%         4
 Cause Fear               Hex            0%         N/A       99%         4
 Dimensional Bullseye     Hex/Tloc       0%         N/A       99%         4
 Fulminant Prism          Conj/Hex       0%         3d5       99%         4
 Leda's Liquefaction      Hex/Erth       0%         N/A       99%         4
 Freezing Cloud           Conj/Ice/Air   0%         6-21      100%        5
 Irradiate                Conj/Tmut      0%         3d11      100%        5
 Plasma Beam              Fire/Air       0%         2x1d10    100%        6
 Starburst                Conj/Fire      0%         6d3       100%        6
 Enfeeble                 Hex            0%         N/A       100%        7
 Ozocubu's Refrigeration  Ice            0%         4d7       100%        7
 Polar Vortex             Ice            0%         N/A       100%        9
 Call Canine Familiar     Summ           Unusable   N/A       N/A         3
 Simulacrum               Ice/Necr       Unusable   N/A       N/A         6
 Spellforged Servitor     Conj/Summ      Unusable   N/A       N/A         7

Dungeon Overview and Level Annotations

Branches:
Dungeon (8/15) Zot: 1229   Temple (1/1) D:6 Zot: 598    Lair (5/5) D:8 Zot: 1273
  Swamp (4/4) Lair:2 Zot: 1938  Spider (0/4) Lair:2
  Slime: Lair:4-5

Altars:
Ashenzari
Cheibriados
Elyvilon
Gozag
Kikubaaqudgha
Makhleb
Okawaru
Ru
Sif Muna
Uskayaw
Wu Jian
Xom
Zin
The Shining One


Innate Abilities, Weirdness & Mutations

You have blades for hands.
You are incapable of wielding weapons or throwing items.
You passively map the area around you.
You do not regenerate when monsters are visible.
You cannot be stealthy.
You are hated by all.
You cannot train Armour skill.
You are easily found by Zot.
You glow in the dark.
You regain HP and MP as you explore.


Message History

Splash!
You fall into the shallow water.
Moving in this stuff is going to be slow.
A four-headed hydra comes into view.
You feel very sick.
The four-headed hydra roars!
The spriggan rider is no longer blind.
As you read the scroll of teleportation, it crumbles to dust.
You feel strangely unstable.
You feel very sick.
The swamp worm fires a harpoon shot at you.
The harpoon shot hits you.
* * * LOW HITPOINT WARNING * * *
You are yanked forward by the harpoon shot.
Splash!
A bog body comes into view.
The spriggan rider hits you from afar with a +0 spear.
* * * LOW HITPOINT WARNING * * *
The spriggan rider hits you from afar with a +0 spear of venom!
* * * LOW HITPOINT WARNING * * *
You are lethally poisoned!
A bunyip comes into view.
The spriggan druid misses you. The spriggan druid barely misses you.
The +2 spectral quarterstaff hits you!
* * * LOW HITPOINT WARNING * * *
A +2 spectral quarterstaff comes into view.
Unknown command.
* * * LOW HITPOINT WARNING * * *
You feel extremely sick.
The bunyip gives a hideous shriek!
The spriggan druid points at you and mumbles some strange words.
The stone arrow misses you.
The bunyip howls a warning cry!
The spriggan rider completely misses you.
The spriggan rider misses you. The swamp worm completely misses you.
The spriggan druid calls out to the beasts of the wild!
The spriggan druid begins to cast a spell, but is stunned by your conviction!
A swamp dragon comes into view.
The spriggan druid hits you with a +0 quarterstaff!
You die...

♣..~~.~~~..~~~~~~ ~ ~
* ♣♣.♣♣♣.~§.~~~D~n~~ *
* ♣♣ ♣~.~~~~~~~.~.# ~
*♣~~~§§~~~~~#§ , ,
♣~~~~~~~~x~.~
♣i~~(~~~.§~#, , , ♣♣♣
♣.ii~i~~<..#, , ♣♣~~~
♣~.iiw~~.♣♣ ~
*♣..~~~♣.~i~@~§~♣♣~ ,
~
*.~<^..~.~i§.~..~~~.~~
,
*.§.....~§~~~.~~~~~.~
, ♣♣♣..~~~~~§~.~~~~~.
,, ~ ♣♣..~~~~~D.♣..~.#
, ♣♣.§§~~~~.♣♣♣...
*♣.~~§~~~.♣ ♣.#~ , *
♣..~~~....♣ .. ,, , ,,
♣♣.~~~§D~~~ ,8


You could see a bunyip (catching breath), a four-headed hydra, a swamp dragon, 2
spriggan riders, 3 spriggan druids, a bog body (wandering), a swamp worm, a +2
spectral quarterstaff and 3 spriggans.

Vanquished Creatures
  Frances (Swamp:1)
  An eleionoma (Swamp:1)
  A bunyip (Swamp:2)
  5 hydras
  An alligator (Swamp:1)
  A boulder beetle (Lair:5)
  Sonja (Lair:3)
  Amaemon (Lair:3)
  2 skysharks
  A swamp dragon (Swamp:1)
  An orb spider (Lair:2)
  A bog body (Swamp:2)
  A spriggan druid (Swamp:3)
  3 goliath frogs (Swamp:1)
  3 elephants
  2 will-o-the-wisps
  A black mamba (Lair:2)
  10 cane toads
  6 komodo dragons
  An orange demon (Lair:3)
  A torpor snail (Lair:1)
  A rime drake (Lair:5)
  A tyrant leech (Swamp:3)
  A hornet (Swamp:3)
  8 blink frogs
  3 spriggans
  3 wyverns
  2 basilisks (Lair:1)
  25 yaks
  4 vampire mosquitoes (Swamp:1)
  7 swamp worms
  14 water moccasins
  A sky beast (D:7)
  An ice beast (D:7)
  A swamp drake (Swamp:1)
  A black bear (D:6)
  2 ogres
  2 wolves (Lair:2)
  A centaur (D:7)
  2 phantoms (D:5)
  2 kobold brigands
  7 bullfrogs
  2 gnoll sergeants (D:6)
  2 scorpions (D:5)
  3 killer bees (D:8)
  2 howler monkeys (D:7)
  A gnoll bouda (D:6)
  4 hounds
  3 jellies
  Crazy Yiuf (D:3)
  3 orc priests (D:5)
  4 iguanas
  3 sleepcaps
  3 orc wizards (D:5)
  Robin (D:3)
  12 gnolls (D:6)
  4 adders
  A white imp (D:5)
  3 worms
  3 dart slugs
  17 orcs
  4 bats
  8 endoplasms
  2 giant cockroaches
  13 goblins
  8 hobgoblins
  4 jackals (D:3)
  2 quokkas
  9 ball pythons
  A frilled lizard (D:1)
  18 kobolds
  6 rats
281 creatures vanquished.

Vanquished Creatures (others)
  A bloated husk (Swamp:1)
  An orc wizard (D:5)
  4 foxfires (Swamp:3)
6 creatures vanquished.

Grand Total: 287 creatures vanquished

Notes
Turn   | Place    | Note
-------+----------+-------------------------------------------
     0 | D:1      | lunkers the Meteoran Shapeshifter began the quest for the
                  | Orb.
     0 | D:1      | Reached XP level 1. HP: 16/16 MP: 2/2
    15 | D:1      | Noticed an electric eel
    69 | D:1      | Reached skill level 4 in Unarmed Combat
    69 | D:1      | Reached XP level 2. HP: 20/23 MP: 3/3
   229 | D:1      | Reached XP level 3. HP: 26/28 MP: 4/4
   719 | D:2      | Identified the +1 ring mail "Rissaf" {rF++ rC+}
   868 | D:3      | Reached XP level 4. HP: 35/35 MP: 5/5
   874 | D:3      | Found a sacrificial altar of Ru.
   882 | D:3      | Became a worshipper of Ru the Awakened
   924 | D:3      | Found an ancient bone altar of Kikubaaqudgha.
  1041 | D:3      | Reached skill level 5 in Unarmed Combat
  1215 | D:3      | Found a runed translucent door.
  1216 | D:3      | Noticed Crazy Yiuf
  1221 | D:3      | Killed Crazy Yiuf
  1222 | D:3      | Reached XP level 5. HP: 40/40 MP: 6/6
  1339 | D:3      | Noticed Robin
  1392 | D:3      | Killed Robin
  1393 | D:3      | Reached skill level 6 in Unarmed Combat
  1469 | D:4      | Noticed an ogre
  1477 | D:4      | Reached XP level 6. HP: 32/47 MP: 7/7
  1483 | D:4      | Killed an ogre
  1484 | D:4      | Reached skill level 5 in Shapeshifting
  1682 | D:4      | Reached skill level 7 in Unarmed Combat
  1779 | D:4      | Gained mutation: You are hated by all. [Ru sacrifice]
  1779 | D:4      | Reached * piety under Ru
  1779 | D:4      | Reached ** piety under Ru
  1792 | D:4      | Reached XP level 7. HP: 50/52 MP: 8/8
  1989 | D:5      | Entered Level 5 of the Dungeon
  2099 | D:5      | Reached skill level 8 in Unarmed Combat
  2199 | D:5      | Found a shimmering blue altar of Sif Muna.
  2202 | D:5      | Found a glowing silver altar of Zin.
  2202 | D:5      | Found a broken altar of Ashenzari.
  2288 | D:5      | Reached XP level 8. HP: 59/59 MP: 9/9
  2478 | D:5      | Reached skill level 9 in Unarmed Combat
  2705 | D:5      | Identified a scroll of acquirement
  2705 | D:5      | Acquired the +2 hood of the Assassin {Detect Stab+ Stlth++}
  2705 | D:5      | Found the +2 hood of the Assassin {Detect Stab+ Stlth++}
  2823 | D:6      | Identified the ring "Toucsem" {Will+ EV+5 Int+3 Stlth+}
  2872 | D:6      | Found a staircase to the Ecumenical Temple.
  2904 | Temple   | Entered the Ecumenical Temple
  2974 | D:6      | Reached skill level 10 in Unarmed Combat
  2981 | D:6      | Gained mutation: You passively map the area around you.
                  | [Meteoran growth]
  2981 | D:6      | Reached XP level 9. HP: 61/64 MP: 10/10
  3000 | D:6      | Found an ornate altar of the Wu Jian Council.
  3270 | D:7      | Reached skill level 11 in Unarmed Combat
  3425 | D:7      | Found an opulent altar of Gozag.
  3528 | D:8      | Gained mutation: You do not regenerate when monsters are
                  | visible. [Ru sacrifice]
  3573 | D:8      | Found a staircase to the Lair.
  3646 | Lair:1   | Entered Level 1 of the Lair of Beasts
  3661 | Lair:1   | Reached XP level 10. HP: 77/77 MP: 11/11
  3683 | Lair:1   | Reached skill level 12 in Unarmed Combat
  3745 | Lair:1   | Noticed a torpor snail
  3746 | Lair:1   | Noticed a cane toad
  3765 | Lair:1   | Killed a cane toad
  3773 | Lair:1   | Killed a torpor snail
  3774 | Lair:1   | Reached skill level 5 in Dodging
  3863 | Lair:1   | Reached skill level 13 in Unarmed Combat
  3886 | Lair:2   | Noticed an elephant
  3887 | Lair:2   | Noticed a cane toad
  3887 | Lair:2   | Noticed a komodo dragon
  3887 | Lair:2   | Noticed a boulder beetle
  3891 | Lair:2   | Killed a cane toad
  3892 | Lair:2   | Reached skill level 5 in Fighting
  3899 | Lair:2   | Killed a komodo dragon
  3912 | Lair:2   | Killed an elephant
  3913 | Lair:2   | Reached XP level 11. HP: 23/88 MP: 12/12
  3913 | Lair:2   | HP: 2/88 [boulder beetle (21)]
  3924 | Lair:2   | HP: 1/88 [water moccasin (1)]
  4001 | Lair:1   | Reached skill level 14 in Unarmed Combat
  4020 | Lair:1   | Noticed an elephant
  4033 | Lair:1   | Killed an elephant
  4118 | Lair:2   | Reached skill level 10 in Shapeshifting
  4118 | Lair:2   | Noticed an elephant
  4131 | Lair:2   | Noticed a skyshark
  4146 | Lair:1   | Killed an elephant
  4290 | Lair:2   | Reached XP level 12. HP: 90/100 MP: 13/13
  4306 | Lair:2   | Reached skill level 15 in Unarmed Combat
  4407 | Lair:2   | Noticed a four-headed hydra
  4415 | Lair:2   | Killed a four-headed hydra
  4430 | Lair:2   | Gained mutation: You cannot be stealthy. [Ru sacrifice]
  4430 | Lair:2   | Reached *** piety under Ru
  4437 | Lair:2   | Found a hole to the Spider Nest.
  4437 | Lair:2   | Noticed an orb spider
  4450 | Lair:2   | Killed an orb spider
  4653 | Lair:3   | Noticed Amaemon
  4663 | Lair:3   | Killed Amaemon
  4664 | Lair:3   | Reached skill level 16 in Unarmed Combat
  4768 | Lair:5   | Entered Level 5 of the Lair of Beasts
  4836 | Lair:5   | Reached XP level 13. HP: 108/108 MP: 14/14
  4939 | Lair:5   | Noticed a boulder beetle
  4957 | Lair:5   | Killed a boulder beetle
  5244 | Lair:3   | Got the Compendium of the Kraken
  5317 | Lair:3   | Noticed Sonja
  5322 | Lair:3   | Killed Sonja
  5352 | Lair:2   | Noticed a five-headed hydra
  5360 | Lair:2   | Killed a five-headed hydra
  5396 | Lair:2   | Reached skill level 17 in Unarmed Combat
  5407 | Lair:2   | Noticed a four-headed hydra
  5418 | Lair:2   | Killed a four-headed hydra
  5421 | Lair:2   | Gained mutation: You cannot train Armour skill. [Ru
                  | sacrifice]
  5421 | Lair:2   | Reached **** piety under Ru
  5441 | Lair:2   | Found a staircase to the Swamp.
  5458 | Swamp:1  | Entered Level 1 of the Swamp
  5506 | Swamp:1  | Noticed an alligator
  5515 | Swamp:1  | Killed an alligator
  5524 | Swamp:1  | Noticed an eleionoma
  5534 | Swamp:1  | Killed an eleionoma
  5550 | Swamp:1  | Reached skill level 10 in Dodging
  5582 | Swamp:1  | Noticed Frances
  5601 | Swamp:1  | Killed Frances
  5602 | Swamp:1  | Reached XP level 14. HP: 60/119 MP: 15/15
  5702 | Swamp:2  | Noticed a bunyip
  5722 | Swamp:2  | Killed a bunyip
  5723 | Swamp:2  | Reached skill level 18 in Unarmed Combat
  5731 | Swamp:2  | Reached skill level 10 in Fighting
  5897 | Swamp:4  | Entered Level 4 of the Swamp
  5906 | Swamp:4  | Noticed a bunyip
  5907 | Swamp:4  | HP: 4/121 [poisoned by a spriggan rider]
  5907 | Swamp:4  | Mangled by a spriggan druid

Illustrated notes

Levels and vault maps discovered:
D:1:      arrival_aquarium_a, layout_basic
D:2:      layout_basic
D:3:      layout_basic, nicolae_overflow_crystal_walls,
          mainiacjoe_overflow_brackets, kennysheep_nub, uniq_crazy_yiuf_cottage,
          uniq_robin
D:4:      layout_layer_cave, portal_sewer_entry_a
D:5:      layout_loops_corners, mainiacjoe_overflow_alcove_3, grunt_ministairs_2
D:6:      layout_loops_ring, mainiacjoe_overflow_alcove_1,
          mainiacjoe_overflow_boulevard, temple_pool_b, kennysheep_path_1
D:7:      layout_loops_ring, lemuel_round_altar, tgw_fedhas,
          chequers_ossuary_entry_cave, hangedman_decor_opposing,
          grunt_ministairs_5
D:8:      layout_basic, mainiacjoe_overflow_cross_hatched, lair_entry_dummy
Temple:   nicolae_temple_bog_church
Lair:1:   layout_chaotic_city, grunt_forest_large_clearing_hut
Lair:2:   nzn_winding_woodlands_stair_cross [nzn_winding_woodlands_5x15_eye,
          nzn_winding_woodlands_center_lodge,
          nzn_winding_woodlands_5x15_default, nzn_winding_woodlands_5x5_three,
          nzn_winding_woodlands_5x5_cross, nzn_winding_woodlands_5x15_sawtooth,
          nzn_winding_woodlands_center_diamonds,
          nzn_winding_woodlands_5x15_zeroes], layout_chaotic_city,
          palyth_hydra_swamp_entry, nicolae_spider_entry_orb_guardian,
          kennysheep_rathole
Lair:3:   layout_small_grid, uniq_amaemon, uniq_sonja
Lair:4:   lemuel_reptile_caves, layout_gridlike, slime_entry_2,
          serial_bayou_pond_e
Lair:5:   cheibrodos_lair_end_hotspot, layout_regular_city
Swamp:1:  layout_basic_swamp, wheals_swamp_sinkhole, uniq_frances
Swamp:2:  layout_basic_swamp, nicolae_swamp_well_well_well
Swamp:3:  layout_basic_swamp, nicolae_swamp_tree_isthmus,
          infiniplex_staircase_pool
Swamp:4:  grunt_swamp_rune_castle, layout_basic_swamp, swamp_pool1,
          nicolae_swamp_hydra_murder_den

Skill      XL: |  1  2  3  4  5  6  7  8  9 10 11 12 13 14 |
---------------+-------------------------------------------+-----
Unarmed Combat | 4 5 6 7 8 10 11 13 14 16 17 18 | 18.3
Shapeshifting  | 4 5 6 7 8 9 10 11 12 | 12.5
Fighting       | 3 5 7 8 9 10 | 10.2
Dodging        | 3 5 7 8 10 | 10.4

Action                     |  1- 3 |  4- 6 |  7- 9 | 10-12 | 13-15 || total
---------------------------+-------+-------+-------+-------+-------++-------
  Melee: Unarmed           |    81 |   120 |   298 |   292 |   212 ||  1003
         Punch             |     1 |     3 |     6 |    13 |    21 ||    44
 Invoke: Sacrifice Love    |       |     1 |       |       |       ||     1
         Sacrifice Purity  |       |       |     1 |       |       ||     1
         Sacrifice Stealth |       |       |       |     1 |       ||     1
         Sacrifice Durabil |       |       |       |       |     1 ||     1
  Evoke: Wand              |       |       |       |     3 |     4 ||     7
    Use: Scroll            |     2 |     9 |     4 |     3 |     4 ||    22
         Potion            |       |     1 |       |       |       ||     1
   Stab: Sleeping          |       |       |     4 |     1 |       ||     5
         Invisible         |       |       |       |     1 |     1 ||     2
         Paralysed         |       |       |       |       |     1 ||     1
 Armour: Animal skin       |    18 |       |       |       |       ||    18
         Ring mail         |     1 |    41 |    95 |    85 |    78 ||   300
         Skin              |       |    31 |       |       |       ||    31
  Dodge: Dodged            |    48 |    68 |   186 |   237 |   190 ||   729
   Form: Flux              |       |       |     1 |       |       ||     1
         Blade             |       |       |       |     1 |       ||     1

Table legend: (Time is in decaauts)
 A = Elapsed time spent in this place.
 B = Non-inter-level travel time spent in this place.
 C = Inter-level travel time spent in this place.
 D = Time resting spent in this place.
 E = Time spent auto-exploring this place.
 F = Levels seen in this place.
 G = Mean time per level.
                   A        B        C        D        E       F      G
               +--------+--------+--------+--------+--------+-----+--------+
         Total |   5759 |   5569 |    190 |      0 |   2643 |  18 |  319.9 |
       Dungeon |   3570 |   3471 |     99 |      0 |   2227 |   8 |  446.2 |
        Temple |      1 |      1 |      0 |      0 |      0 |   1 |    1.0 |
          Lair |   1726 |   1654 |     72 |      0 |    376 |   5 |  345.2 |
         Swamp |    459 |    440 |     19 |      0 |     40 |   4 |  114.8 |
               +--------+--------+--------+--------+--------+-----+--------+

Top non-repeatable levels by time:
     D:5: 772 daAuts
     D:3: 576 daAuts
     D:4: 545 daAuts
  Lair:2: 515 daAuts
     D:2: 474 daAuts
  Lair:1: 438 daAuts
     D:6: 396 daAuts
     D:1: 370 daAuts
  Lair:5: 343 daAuts
  Lair:3: 333 daAuts
     D:7: 323 daAuts
 Swamp:3: 180 daAuts
 Swamp:1: 161 daAuts
     D:8: 112 daAuts
 Swamp:2: 106 daAuts
